 Dungeon Crawl Stone Soup version 0.19.5 (webtiles) character file.

23 tidbits the Skirmisher (level 2, 11/19 HPs)
             Began as a High Elf Wanderer on Oct 31, 2017.
             Quit the game on level 1 of the Dungeon.
             The game lasted 00:04:32 (566 turns).

tidbits the Skirmisher (High Elf Wanderer)           Turns: 566, Time: 00:04:32

Health: 11/19      AC:  8    Str:  9    XL:     2   Next: 72%
Magic:  3/3        EV:  8    Int: 16    God:
Gold:   68         SH:  0    Dex: 15    Spells: 0 memorised, 1 level left

rFire  . . .     SeeInvis .     a - +1 spear (venom)
rCold  . . .     Gourm    .     B - +2 scale mail
rNeg   . . .     Faith    .     (no shield)
rPois  +         Spirit   .     (no helmet)
rElec  .         Reflect  .     (no cloak)
rCorr  .         Harm     .     (no gloves)
MR     .....                    (no boots)
Stlth  +.........               (no amulet)
                                (no ring)
                                P - ring of poison resistance

@: no status effects
A: no striking features
a: no special abilities


You were on level 1 of the Dungeon.
You were not hungry.

You visited 1 branch of the dungeon, and saw 2 of its levels.

You collected 68 gold pieces.

Inventory:

Hand Weapons
 a - a +1 spear of venom (weapon)
   (You found it on level 1 of the Dungeon)
 d - a +0 dagger
 h - a +0 hunting sling
   (You found it on level 1 of the Dungeon)
Missiles
 i - 15 stones (quivered)
Armour
 g - a +0 ring mail
   (You found it on level 1 of the Dungeon)
 B - a +2 scale mail (worn)
Jewellery
 P - a ring of poison resistance (left hand)
   (You found it on level 1 of the Dungeon)
Scrolls
 b - a scroll of teleportation
 e - a scroll of fog {unknown}
 f - 3 scrolls of identify {unknown}
 j - a scroll of enchant weapon {unknown}
 m - a scroll of random uselessness {unknown}
Potions
 l - a potion of curing
Comestibles
 c - a bread ration
 k - a meat ration
 n - 5 fruits


   Skills:
 + Level 2.2 Fighting
   Level 1.5 Maces & Flails
 - Level 1.0 Armour
 + Level 2.1 Dodging
 - Level 2.1 Stealth
   Level 1.0 Shields
 - Level 1.5 Unarmed Combat


You had one spell level left.
You didn't know any spells.

Dungeon Overview and Level Annotations

Branches:
Dungeon (2/15)

Altars:


Message History

Adjust to which letter? (? for menu, Esc to quit)
a - a +1 spear of venom (weapon);
i - a +0 dagger Adjust (i)tems, (s)pells, or (a)bilities?
Adjust which item? (? for menu, Esc to quit)
i - a +0 dagger Adjust to which letter? (? for menu, Esc to quit)
d - a +0 dagger;
i - 15 stones (quivered)
You see here a scroll labeled RODECS RIXUICA.
f - 3 scrolls labeled RODECS RIXUICA (gained 1) Attack whom?
Press: ? - help, Dir - move target cursor, f - leopard gecko
Aim: a leopard gecko Your scale mail prevents you from hitting the leopard gecko.
The leopard gecko bites you but does no damage.
You closely miss the leopard gecko. The leopard gecko barely misses you.
You completely miss the leopard gecko.
The leopard gecko bites you but does no damage.
The leopard gecko bites you.
* * * LOW HITPOINT WARNING * * *
You barely miss the leopard gecko.
The leopard gecko bites you but does no damage.
You closely miss the leopard gecko.
The leopard gecko completely misses you.
You hit the leopard gecko.
The leopard gecko is heavily wounded.
The leopard gecko bites you but does no damage. x2
Your scale mail prevents you from hitting the leopard gecko.
The leopard gecko is heavily wounded.
The leopard gecko bites you but does no damage.
You closely miss the leopard gecko.
The leopard gecko is heavily wounded.
The leopard gecko bites you but does no damage.
You hit the leopard gecko.
You kill the leopard gecko!
You hit the rat but do no damage. The rat bites you but does no damage.
You hit the rat.
You kill the rat!
You see here a rat corpse.
You see here a short sword.
Found a potion of curing.
j - a scroll labeled PINARO GOTEUL
k - a meat ration
l - a potion of curing You see here a club.
You see here a rat corpse.
You see here a bat corpse.
Found 13 gold pieces.
You see here a dart slug corpse.
You now have 53 gold pieces (gained 8).
m - a scroll labeled AMPU ZORIA You now have 66 gold pieces (gained 13).
You see here a dart slug corpse.
You now have 68 gold pieces (gained 2).
A rat comes into view.
Found 5 fruits.
The rat twitches its whiskers.
Attack whom?
Press: ? - help, Dir - move target cursor, f - rat
Aim: a rat You reach to attack!
You hit the rat but do no damage. You closely miss the rat.
The rat bites you but does no damage.
You closely miss the rat. The rat barely misses you.
You hit the rat but do no damage.
The rat is poisoned.
The rat barely misses you.
You hit the rat but do no damage.
The rat looks as sick as possible!
The rat bites you.
You hit the rat.
You kill the rat!
No target in view!
No target in view!
You see here a rat corpse.
A hobgoblin comes into view. It is wielding a club.
The hobgoblin shouts!
The hobgoblin hits you with a club.
* * * LOW HITPOINT WARNING * * *
You completely miss the hobgoblin.
The hobgoblin hits you but does no damage.
You hit the hobgoblin.
The hobgoblin is poisoned.
The hobgoblin is moderately wounded.
The hobgoblin barely misses you.
You hit the hobgoblin.
You kill the hobgoblin!
No target in view!
No target in view!
No target in view!
n - 5 fruits
Things that are here:
a club; a hobgoblin corpse You see here a rat corpse.
You see here a leather armour.
There is a stone staircase leading down here.
You climb downwards.
There is a stone staircase leading up here.
You climb upwards.
There is a stone staircase leading down here.
You climb downwards.
There is a stone staircase leading up here.
You climb upwards.
There is a stone staircase leading down here.
Are you sure you want to abandon this character and quit the game? (Confirm with "yes".)

#..#..### #.# #.#...# #.#
####.#.#.# #[# #......#.# #.#
..#...##)# #.# ###.####.# #.#
###.####.# ##.#
.........#######..# ....).
###.....#@## ###### .....#
#.....#.# ####....# .....#
#..## #.####....##.#
.....#####.#.####.....####.##
...........##...#######...##
............###...###...###
#..######.....##.......##
..######.......###.<.###
#.............##.....[.##


There were no monsters in sight!

Vanquished Creatures
  A dart slug (D:1)
  2 leopard geckos
  2 giant cockroaches (D:2)
  2 hobgoblins
  2 jackals (D:2)
  3 bats (D:1)
  2 goblins
  2 kobolds
  2 rats (D:1)
18 creatures vanquished.

Notes
Turn   | Place    | Note
-------+----------+-------------------------------------------
     0 | D:1      | tidbits the High Elf Wanderer began the quest for the Orb.
     0 | D:1      | tidbits set off with: a +2 scale mail, a scroll of teleportation, a potion of curing, a +0 dagger, a bread ration
     0 | D:1      | Reached XP level 1. HP: 13/13 MP: 2/2
   209 | D:2      | HP: 1/13 [hobgoblin (4)]
   214 | D:2      | Reached XP level 2. HP: 2/19 MP: 3/3
   381 | D:1      | Reached skill level 2 in Fighting
   420 | D:1      | Reached skill level 2 in Dodging
   566 | D:1      | Quit the game

Skill      XL: |  1  2 |
---------------+-------+-----
Fighting       | 2 |  2.2
Dodging        | 2 |  2.1
Maces & Flails | |  1.5
Armour         | |  1.0
Stealth        | |  2.1
Shields        | |  1.0
Unarmed Combat | |  1.5

Action                   || total
-------------------------++-------
Melee: Dagger            ||    96
       Spear             ||    20
  Use: Potion            ||     1
Armor: Scale mail        ||    79
Dodge: Dodged            ||    55

Table legend:
 A = Turns spent in this place as a percentage of turns spent in the entire game.
 B = Non-inter-level travel turns spent in this place as a percentage of non-inter-level travel turns spent in the entire game.
 C = Inter-level travel turns spent in this place as a percentage of turns spent in this place.
 D = Turns resting spent in this place as a percentage of non-inter-level travel turns spent in this place.
 E = Turns spent auto-exploring this place as a percentage of non-inter-level travel turns spent in this place.
 F = Non-inter-level travel turns spent in this place divided by the number of levels of this place that you've seen.
                   A       B       C       D       E      F
               +-------+-------+-------+-------+-------+----------------------
         Total | 100.0 | 100.0 |   0.2 |   0.0 |   0.0 | 248.5
       Dungeon | 100.0 | 100.0 |   0.2 |   0.0 |   0.0 | 248.5
               +-------+-------+-------+-------+-------+----------------------

Table legend:
 A = Kills in this place as a percentage of kills in entire the game.
 B = Kills by you in this place as a percentage of kills by you in the entire game.
 C = Kills by friends in this place as a percentage of kills by friends in the entire game.
 D = Other kills in this place as a percentage of other kills in the entire game.
 E = Experience gained in this place as a percentage of experience gained in the entire game.
 F = Experience gained in this place divided by the number of levels of this place that you have seen.
                   A       B       C       D       E      F
               +-------+-------+-------+-------+-------+----------------------
         Total | 100.0 | 100.0 |  -nan |  -nan | 100.0 |  16.5
       Dungeon | 100.0 | 100.0 |  -nan |  -nan | 100.0 |  16.5
               +-------+-------+-------+-------+-------+----------------------

Vault maps used:
D:1:      dpeg_arrival_simpleton_a, serial_bayou_pond_e
D:2:      first_bread, hangedman_decor_growths
